Map: Pride of Altaris LE

Players

gorrons

  • Race: Terran Terran
  • Spawn Location: 11:00

ftwoamove - Winner!

  • Race: Terran Terran
  • League: Platinum
  • Spawn Location: 5:00

VOD

Have the link to the VOD?

Description

Time

  • Played on: May 28, 2022, 2:20 p.m.
  • Length: 7:46
Show
View Real Time Build Order
Export as new Build Order

gorrons Terran 

Build Orders:  

Get SALT Encoding   

  12  0:01  SCV  
  13  0:13  SCV  
  14  0:20  Supply Depot  
  14  0:25  SCV  
  15  0:38  Refinery  
  15  0:44  Barracks  
  15  0:49  SCV  
  16  1:01  SCV  
  17  1:13  SCV  
  17  1:14  Engineering Bay  
  18  1:22  Supply Depot  
  18  1:25  SCV  
  19  1:33  Reaper  
  19  1:37  SCV  
  21  1:55  Command Center  
  21  2:24  Barracks Tech Lab  
  21  2:46  Marine  
  22  2:55  Supply Depot  
  22  3:03  SCV  
  22  3:04  Marine  
  24  3:13  Barracks  
  24  3:15  SCV  
  24  3:19  Barracks  
  25  3:22  Marine  
  26  3:27  SCV  
  26  3:32  SCV  
  28  3:40  Marauder  
  30  3:44  SCV  
  31  3:49  Factory  
  31  3:54  Orbital Command  
  31  3:59  Orbital Command  
  31  4:02  Marauder  
  33  4:22  Marine  
  33  4:40  Marine  
  36  4:48  Factory Tech Lab  
  36  4:51  Barracks Reactor  
  36  4:52  Barracks Tech Lab  
  34  4:56  SCV  
  34  4:58  Marine  
  36  5:08  Refinery, SCV  
  36  5:11  Siege Tank  
  40  5:24  Supply Depot  
  40  5:33  Supply Depot  
  42  5:43  Siege Tank  
  42  5:44  Marine x2  
  42  5:47  Combat Shield  
  45  5:54  SCV  
  46  6:06  SCV  
  50  6:44  Marine x2  
  50  6:45  Marine x2  
  51  7:02  Marine x3  
  51  7:03  Marine, Engineering Bay  
  51  7:08  Command Center  
  55  7:09  Supply Depot  
  53  7:20  Marine x4  
  52  7:23  SCV  
Show
View Real Time Build Order
Export as new Build Order

ftwoamove Terran - Winner!

Build Orders:  

Get SALT Encoding   

  12  0:00  SCV  
  13  0:12  SCV  
  14  0:17  Supply Depot  
  14  0:24  SCV  
  15  0:35  Refinery  
  15  0:39  SCV  
  16  0:46  Barracks  
  16  0:53  SCV  
  17  1:05  SCV  
  18  1:17  SCV  
  19  1:33  Orbital Command  
  19  1:34  Marine  
  20  1:51  Command Center  
  20  2:01  Supply Depot  
  20  2:04  SCV  
  21  2:11  Marine  
  22  2:23  SCV  
  23  2:35  SCV  
  23  2:36  Factory  
  24  2:43  Marine  
  24  2:54  SCV  
  24  2:57  Barracks  
  26  3:07  SCV  
  26  3:09  Barracks Reactor  
  27  3:13  Orbital Command  
  27  3:19  SCV  
  27  3:20  Factory Tech Lab  
  27  3:31  SCV  
  27  3:33  Supply Depot  
  28  3:40  SCV  
  29  3:42  Siege Tank  
  29  3:43  SCV  
  29  3:45  Barracks Tech Lab  
  33  3:50  Refinery  
  33  3:54  Starport  
  33  3:55  SCV  
  34  3:57  SCV  
  35  4:07  SCV  
  35  4:09  SCV  
  37  4:10  Marine x3  
  40  4:19  SCV  
  40  4:21  SCV  
  42  4:31  Marine x3  
  41  4:32  Siege Tank  
  41  4:34  Starport Reactor  
  47  4:39  SCV x2  
  49  4:49  Marine  
  49  4:51  SCV x2  
  52  4:54  Command Center  
  52  5:00  Refinery  
  52  5:03  Refinery, Marine, SCV  
  54  5:17  Supply Depot  
  54  5:20  Medivac x2  
  54  5:21  SCV x2  
  60  5:27  Marine x2  
  62  5:32  Supply Depot  
  62  5:37  Stimpack  
  62  5:38  Marine, SCV x2  
  65  5:43  Engineering Bay  
  65  5:50  Marine, SCV x2  
  65  5:52  Engineering Bay  
  68  5:57  Marine  
  68  5:58  Marine  
  68  6:02  SCV x2  
  72  6:19  SCV x2  
  72  6:21  Orbital Command  
  72  6:23  Marine  
  72  6:24  Marine x2  
  77  6:31  SCV x2  
  77  6:32  Armory  
  79  6:41  Medivac, Marine x2  
  79  6:43  SCV  
  84  6:51  Orbital Command, SCV  
  85  6:55  Missile Turret, SCV  
  86  7:03  SCV  
  87  7:11  Marine x2  
  87  7:12  Marine  
  87  7:13  SCV  
  87  7:15  SCV  
  92  7:20  SCV  
  93  7:25  SCV  
  93  7:27  SCV  
Tags
 
League
Platinum
Matchup
TvT
Race
Terran
Spawn Locations
Cross Positions
Add a new tag
Caveats
  • Supply blocks, unpowered buildings, or Contaminate may cause inaccurate times.
  • Supply counts are checked every 10 seconds.